Punishers vs Carnivores
Created - 10 avril 2013 at 23:34
Goals
|
| Punishers |
1 |
1 |
1 |
3 |
| Carnivores |
0 |
0 |
1 |
1 |
|
Shots
|
| Punishers |
17 |
8 |
16 |
41 |
| Carnivores |
15 |
3 |
6 |
24 |
|
1st period
1. Punishers , Petteri Nokelainen 13 (Kirk Maltby, Adam Pineault) at 19:41
Penalties :
No Penalty
2nd period
2. Punishers , Kris Chucko 13 (Marc-André Bergeron) at 16:42
Penalties :
Mike Blunden (Pro) for Holding (Minor) at 1:09, Pavel Valentenko (Pro) for Hooking (Minor) at 19:21
3rd period
3. Carnivores , Cal O'Reilly 9 (David Van Der Gulik) at 14:26
4. Punishers , Marc-André Bergeron 7 (Mark Fraser, Viktor Stalberg) at 18:22
Penalties :
Jeff Friesen (Bre) for Interference (Minor) at 12:10, Keith Aulie (Bre) for Goalie Interference (Minor) at 18:05, Alyn McCauley (Pro) for Boarding (Minor) at 18:05
Goalie Stats
Curtis McElhinney (Pro), 23 saves from 24 shots - (0,958), W, 6-9-0, 60:00 minutes
Josh Tordjman (Bre), 38 saves from 41 shots - (0,927), L, 22-16-4, 60:00 minutes
Players Stats for Punishers
Player Name G A P +/- PIM S H SB GA TA FO MP PP MP PK MP
------------------------------------------------------------------------------------
Adam McQuaid 0 0 0 1 0 1 0 3 1 0 0/0 21:55 1:12 2:59
Adam Pineault 0 1 1 1 0 4 5 0 2 0 0/0 12:17 0:01 0:00
Alyn McCauley 0 0 0 0 2 3 4 1 0 0 2/7 15:30 0:50 0:25
Andrew Bodnarchuk 0 0 0 -1 0 0 1 1 0 0 0/0 16:01 0:00 0:21
Chris Conner 0 0 0 0 0 3 2 0 0 0 1/1 15:06 0:50 0:00
Dave Bolland 0 0 0 1 0 3 1 0 0 0 13/23 20:13 1:09 0:54
Jimmie Olvestad 0 0 0 0 0 2 2 0 0 1 0/1 16:25 1:09 0:32
Kirk Maltby 0 1 1 1 0 5 2 1 2 0 2/2 14:15 0:00 2:25
Kris Chucko 1 0 1 0 0 4 1 0 0 0 0/0 9:02 0:00 0:00
Marc-André Bergeron 1 1 2 2 0 2 0 3 1 1 0/0 24:28 1:12 0:59
Mark Fraser 0 1 1 2 0 0 2 1 0 1 0/0 24:09 0:47 2:59
Mike Blunden 0 0 0 0 2 1 0 0 1 0 0/0 9:02 0:00 0:00
Mike Grier 0 0 0 0 0 4 2 0 0 0 4/6 20:21 1:08 2:25
Pavel Valentenko 0 0 0 -1 2 0 1 1 0 0 0/0 15:24 0:00 0:38
Petteri Nokelainen 1 0 1 1 0 3 1 1 1 0 5/6 13:57 0:00 1:15
Ryan White 0 0 0 0 0 1 0 0 0 0 2/4 9:02 0:00 0:00
Stu Bickel 0 0 0 1 0 0 4 0 0 1 0/0 18:36 0:47 0:00
Viktor Stalberg 0 1 1 1 0 5 0 0 3 0 0/1 18:22 0:50 0:00
Players Stats for Carnivores
Player Name G A P +/- PIM S H SB GA TA FO MP PP MP PK MP
------------------------------------------------------------------------------------
Alexei Zhitnik 0 0 0 -1 0 2 2 2 2 0 0/0 23:09 2:03 1:04
Andrew Ference 0 0 0 0 0 1 0 0 0 1 0/0 18:48 1:55 0:55
Andy Miele 0 0 0 -1 0 3 1 1 0 1 2/3 19:12 2:12 0:00
Blake Geoffrion 0 0 0 0 0 2 0 0 0 0 0/1 17:06 1:38 0:52
Bobby Sanguinetti 0 0 0 0 0 1 2 1 0 1 0/0 17:53 1:55 0:00
Brian Strait 0 0 0 -2 0 1 0 0 0 0 0/0 11:23 0:00 0:00
Cal O'Reilly 1 0 1 1 0 3 0 0 0 0 3/6 13:57 0:00 0:12
Chris Butler 0 0 0 1 0 0 0 0 0 0 0/0 7:05 0:00 0:00
Chris Lawrence 0 0 0 -1 0 1 0 0 0 0 0/0 9:05 0:20 1:04
Christopher DiDomenico 0 0 0 -1 0 0 1 0 0 1 1/3 7:49 0:00 0:00
David Van Der Gulik 0 1 1 1 0 5 2 0 0 0 0/1 16:26 1:56 0:00
Evgeny Dadonov 0 0 0 -1 0 1 1 0 1 1 0/2 17:20 1:26 0:00
Jeff Friesen 0 0 0 -2 2 1 2 1 0 0 0/0 16:22 0:44 0:00
Jeff Tambellini 0 0 0 0 0 0 0 1 1 0 2/2 6:09 0:00 0:00
Jeremy Welsh 0 0 0 1 0 0 3 1 0 0 0/1 13:40 0:00 0:00
Jordie Benn 0 0 0 1 0 0 0 0 0 0 0/0 7:05 0:00 0:00
Keith Aulie 0 0 0 0 2 1 0 2 0 3 0/0 21:33 2:03 0:55
Manny Malhotra 0 0 0 -2 0 1 3 0 0 0 12/23 20:18 1:26 0:55
Mikael Backlund 0 0 0 0 0 0 2 0 0 1 2/9 17:20 2:12 0:00
Phil Oreskovic 0 0 0 -3 0 1 0 1 0 2 0/0 13:28 0:00 1:04
Tim Conboy 0 0 0 0 0 0 0 0 0 0 0/0 0:57 0:00 0:55
3 Stars
1 - Marc-André Bergeron (Pro)
2 - Curtis McElhinney (Pro)
3 - Petteri Nokelainen (Pro)
Power Play
Punishers - 0 on 1 Attempt(s) - 0,00%
Carnivores - 0 on 2 Attempt(s) - 0,00%
Penalty Kill
Punishers - 2 on 2 Attempt(s) - 100,00%
- Score 0 goal in Penalty Kill
Carnivores - 1 on 1 Attempt(s) - 100,00%
- Score 0 goal in Penalty Kill
Official
Referees : Sutherland Kelly and Joannette Marc
Linesman : Vaughan Rody and Brad Kovachik
Game Notes
Jeff Tambellini is injured at 18:11 of 1st period (Groin)
Punishers
5 vs 5 Forward
Center Left Wing Right Wing Time % Phy DF OF
1 Dave Bolland Viktor Stalberg Mike Grier 40 0 2 3
2 Alyn McCauley Jimmie Olvestad Chris Conner 30 1 2 2
3 Petteri Nokelainen Kirk Maltby Adam Pineault 20 1 2 2
4 Ryan White Kris Chucko Mike Blunden 10 1 2 2
5 vs 5 Defense
Defense Defense Time % Phy DF OF
1 Marc-André Bergeron Mark Fraser 40 1 2 2
2 Stu Bickel Adam McQuaid 30 1 2 2
3 Andrew Bodnarchuk Pavel Valentenko 20 1 2 2
4 Marc-André Bergeron Mark Fraser 10 1 2 2
PowerPlay Forward
Center Left Wing Right Wing Time % Phy DF OF
1 Dave Bolland Jimmie Olvestad Mike Grier 60 1 2 2
2 Alyn McCauley Viktor Stalberg Chris Conner 40 1 2 2
PowerPlay Defense
Defense Defense Time % Phy DF OF
1 Marc-André Bergeron Adam McQuaid 60 1 2 2
2 Mark Fraser Stu Bickel 40 1 2 2
Penalty Kill 4 Players Forward
Center Wing Time % Phy DF OF
1 Mike Grier Kirk Maltby 60 1 2 2
2 Dave Bolland Petteri Nokelainen 40 1 2 2
Penalty Kill 4 Players Defense
Defense Defense Time % Phy DF OF
1 Adam McQuaid Mark Fraser 60 1 2 2
2 Marc-André Bergeron Pavel Valentenko 40 1 2 2
Penalty Kill - 3 Players Forward
Forward Time % Phy DF OF
1 Kirk Maltby 60 1 2 2
2 Alyn McCauley 40 1 2 2
Penalty Kill - 3 Players Defense
Defense Defense Time % Phy DF OF
1 Marc-André Bergeron Stu Bickel 60 1 2 2
2 Andrew Bodnarchuk Pavel Valentenko 40 1 2 2
4 vs 4 Forward
Center Wing Time % Phy DF OF
1 Dave Bolland Viktor Stalberg 60 1 2 2
2 Mike Grier Jimmie Olvestad 40 1 2 2
4 vs 4 Defense
Defense Defense Time % Phy DF OF
1 Marc-André Bergeron Mark Fraser 60 1 2 2
2 Adam McQuaid Stu Bickel 40 1 2 2
Last Minutes Offensive
Center Left Wing Right Wing Defense Defense
Dave Bolland Viktor Stalberg Mike Grier Marc-André Bergeron Adam McQuaid
Last Minutes Defensive
Center Left Wing Right Wing Defense Defense
Alyn McCauley Kirk Maltby Mike Grier Mark Fraser Marc-André Bergeron
Goaltenders
Starting : Curtis McElhinney
Backup : Karri Ramo
Extra Forwards
Normal : Adam Pineault, Viktor Stalberg, Petteri Nokelainen - PP : Adam Pineault, Petteri Nokelainen - PK : Petteri Nokelainen
Extra Defensemen
Normal : Adam McQuaid, Stu Bickel, Pavel Valentenko - PP : Adam McQuaid - PK : Andrew Bodnarchuk, Pavel Valentenko
Penalty Shots
Jimmie Olvestad, Viktor Stalberg, Chris Conner, Mike Grier, Dave Bolland
Carnivores
5 vs 5 Forward
Center Left Wing Right Wing Time % Phy DF OF
1 Manny Malhotra Jeff Tambellini Andy Miele 40 1 1 3
2 Mikael Backlund Blake Geoffrion Evgeny Dadonov 30 1 1 3
3 Cal O'Reilly Jeremy Welsh David Van Der Gulik 20 1 2 2
4 Christopher DiDomenico Jeff Friesen Chris Lawrence 10 1 2 2
5 vs 5 Defense
Defense Defense Time % Phy DF OF
1 Alexei Zhitnik Keith Aulie 40 1 2 2
2 Andrew Ference Bobby Sanguinetti 30 1 2 2
3 Phil Oreskovic Brian Strait 20 1 2 2
4 Jordie Benn Chris Butler 10 0 2 3
PowerPlay Forward
Center Left Wing Right Wing Time % Phy DF OF
1 Mikael Backlund Jeff Tambellini Andy Miele 60 0 1 4
2 Manny Malhotra Blake Geoffrion Evgeny Dadonov 40 0 1 4
PowerPlay Defense
Defense Defense Time % Phy DF OF
1 Alexei Zhitnik Keith Aulie 60 0 2 3
2 Bobby Sanguinetti Andrew Ference 40 0 2 3
Penalty Kill 4 Players Forward
Center Wing Time % Phy DF OF
1 Jeff Friesen Chris Lawrence 50 1 3 1
2 Manny Malhotra Tim Conboy 50 1 3 1
Penalty Kill 4 Players Defense
Defense Defense Time % Phy DF OF
1 Alexei Zhitnik Phil Oreskovic 50 1 3 1
2 Andrew Ference Keith Aulie 50 1 3 1
Penalty Kill - 3 Players Forward
Forward Time % Phy DF OF
1 Jeff Friesen 50 1 3 1
2 Manny Malhotra 50 1 3 1
Penalty Kill - 3 Players Defense
Defense Defense Time % Phy DF OF
1 Alexei Zhitnik Phil Oreskovic 50 1 3 1
2 Andrew Ference Keith Aulie 50 1 3 1
4 vs 4 Forward
Center Wing Time % Phy DF OF
1 Manny Malhotra Evgeny Dadonov 50 1 1 3
2 Mikael Backlund Jeff Friesen 50 1 1 3
4 vs 4 Defense
Defense Defense Time % Phy DF OF
1 Alexei Zhitnik Keith Aulie 50 1 2 2
2 Andrew Ference Bobby Sanguinetti 50 1 2 2
Last Minutes Offensive
Center Left Wing Right Wing Defense Defense
Mikael Backlund Jeff Friesen Evgeny Dadonov Alexei Zhitnik Keith Aulie
Last Minutes Defensive
Center Left Wing Right Wing Defense Defense
Mikael Backlund Jeff Friesen Evgeny Dadonov Alexei Zhitnik Keith Aulie
Goaltenders
Starting : Josh Tordjman
Backup : Steve Mason
Extra Forwards
Normal : Jeff Friesen, David Van Der Gulik, Evgeny Dadonov - PP : David Van Der Gulik, Jeff Friesen - PK : Blake Geoffrion
Extra Defensemen
Normal : Phil Oreskovic, Keith Aulie, Alexei Zhitnik - PP : Phil Oreskovic - PK : Bobby Sanguinetti, Chris Butler
Penalty Shots
Jeff Friesen, Evgeny Dadonov, Blake Geoffrion, David Van Der Gulik, Manny Malhotra
% Time on Ice - Punishers
Lines # - Real PCT - Wanted PCT - Time Play
Normal Forward
1 - 32% - 40% - 16:27
2 - 28% - 30% - 14:50
3 - 23% - 20% - 11:50
4 - 17% - 10% - 9:02
Normal Defense
1 - 36% - 40% - 18:51
2 - 34% - 30% - 17:37
3 - 25% - 20% - 12:55
4 - 5% - 10% - 2:46
PP Forward
1 - 58% - 60% - 1:09
2 - 42% - 40% - 0:50
PP Defense
1 - 61% - 60% - 1:12
2 - 39% - 40% - 0:47
PK Forward
1 - 77% - 60% - 3:04
2 - 23% - 40% - 0:54
PK Defense
1 - 75% - 60% - 2:59
2 - 25% - 40% - 0:59
PK3 Forward
1 - 0% - 60%
2 - 0% - 40%
PK3 Defense
1 - 0% - 60%
2 - 0% - 40%
44 Forward
1 - 79% - 60% - 1:30
2 - 21% - 40% - 0:24
44 Defense
1 - 59% - 60% - 1:07
2 - 41% - 40% - 0:47
Last Minute Offensive - 0:00
Last Minute Defensive - 0:00
Total
Forward - 60:00
Defense - 60:00
|
% Time on Ice - Carnivores
Lines # - Real PCT - Wanted PCT - Time Play
Normal Forward
1 - 35% - 40% - 18:16
2 - 26% - 30% - 13:33
3 - 26% - 20% - 13:29
4 - 13% - 10% - 6:51
Normal Defense
1 - 36% - 40% - 18:38
2 - 29% - 30% - 15:03
3 - 22% - 20% - 11:23
4 - 14% - 10% - 7:05
PP Forward
1 - 64% - 60% - 2:32
2 - 36% - 40% - 1:26
PP Defense
1 - 52% - 60% - 2:03
2 - 48% - 40% - 1:55
PK Forward
1 - 54% - 50% - 1:04
2 - 46% - 50% - 0:55
PK Defense
1 - 54% - 50% - 1:04
2 - 46% - 50% - 0:55
PK3 Forward
1 - 0% - 50%
2 - 0% - 50%
PK3 Defense
1 - 0% - 50%
2 - 0% - 50%
44 Forward
1 - 58% - 50% - 1:06
2 - 42% - 50% - 0:48
44 Defense
1 - 52% - 50% - 0:59
2 - 48% - 50% - 0:55
Last Minute Offensive - 0:00
Last Minute Defensive - 0:00
Total
Forward - 60:00
Defense - 60:00
|
Play by Play
1st period
0:01 of 1st period - Dave Bolland wins face-off versus Manny Malhotra in neutral zone.
0:34 of 1st period - Wrist shot by Alyn McCauley.
0:34 of 1st period - Stopped by Josh Tordjman without a rebound.
0:35 of 1st period - Petteri Nokelainen wins face-off versus Cal O'Reilly in Carnivores zone.
0:38 of 1st period - Slapshot by Adam Pineault.
0:38 of 1st period - Stopped by Josh Tordjman without a rebound.
0:39 of 1st period - Petteri Nokelainen wins face-off versus Cal O'Reilly in Carnivores zone.
0:42 of 1st period - Slapshot by Kirk Maltby.
0:42 of 1st period - Stopped by Josh Tordjman with a rebound.
0:54 of 1st period - Snap shot by David Van Der Gulik.
0:54 of 1st period - Stopped by Curtis McElhinney with a rebound.
1:12 of 1st period - Wrist shot by Mike Blunden.
1:12 of 1st period - Stopped by Josh Tordjman without a rebound.
1:13 of 1st period - Mikael Backlund wins face-off versus Alyn McCauley in Carnivores zone.
1:18 of 1st period - Slapshot by Chris Conner.
1:18 of 1st period - Shot Misses the Net.
1:20 of 1st period - Slapshot by Alyn McCauley.
1:20 of 1st period - Stopped by Josh Tordjman without a rebound.
1:21 of 1st period - Mikael Backlund wins face-off versus Alyn McCauley in Carnivores zone.
1:46 of 1st period - Blake Geoffrion is hit by Mike Grier and loses puck.
1:51 of 1st period - Snap shot by Mike Grier.
1:51 of 1st period - Deflect By Viktor Stalberg.
1:51 of 1st period - Stopped by Josh Tordjman without a rebound.
1:52 of 1st period - Manny Malhotra wins face-off versus Dave Bolland in Carnivores zone.
2:33 of 1st period - Adam McQuaid is hit by Jeremy Welsh and loses puck.
2:53 of 1st period - Slapshot by Jeff Friesen.
2:53 of 1st period - Shot Blocked by Adam McQuaid.
3:46 of 1st period - Stu Bickel is hit by Christopher DiDomenico and loses puck.
3:55 of 1st period - Snap shot by Jeff Friesen.
3:55 of 1st period - Stopped by Curtis McElhinney without a rebound.
3:56 of 1st period - Jeff Tambellini wins face-off versus Alyn McCauley in Punishers zone.
5:02 of 1st period - Icing by Marc-André Bergeron.
5:03 of 1st period - Manny Malhotra wins face-off versus Mike Grier in Punishers zone.
5:04 of 1st period - Snap shot by Andy Miele.
5:04 of 1st period - Stopped by Curtis McElhinney with a rebound.
5:06 of 1st period - Wrist shot by Andy Miele.
5:06 of 1st period - Stopped by Curtis McElhinney with a rebound.
5:08 of 1st period - Slapshot by Andy Miele.
5:08 of 1st period - Shot Blocked by Marc-André Bergeron.
5:16 of 1st period - Wrist shot by Andy Miele.
5:16 of 1st period - Shot Misses the Net.
5:30 of 1st period - Snap shot by Alyn McCauley.
5:30 of 1st period - Stopped by Josh Tordjman without a rebound.
5:31 of 1st period - Chris Conner wins face-off versus Evgeny Dadonov in Carnivores zone.
5:43 of 1st period - Slapshot by Alyn McCauley.
5:43 of 1st period - Shot Blocked by Bobby Sanguinetti.
5:57 of 1st period - Manny Malhotra is hit by Adam Pineault and loses puck.
7:55 of 1st period - David Van Der Gulik is hit by Jimmie Olvestad and loses puck.
8:28 of 1st period - Off-side.
8:29 of 1st period - Christopher DiDomenico wins face-off versus Dave Bolland in neutral zone.
8:40 of 1st period - Wrist shot by Viktor Stalberg.
8:40 of 1st period - Stopped by Josh Tordjman with a rebound.
8:54 of 1st period - Alexei Zhitnik is hit by Adam Pineault and loses puck.
9:44 of 1st period - Off-side.
9:45 of 1st period - Dave Bolland wins face-off versus Manny Malhotra in neutral zone.
10:21 of 1st period - Snap shot by Jimmie Olvestad.
10:21 of 1st period - Shot Misses the Net.
10:23 of 1st period - Wrist shot by Jimmie Olvestad.
10:23 of 1st period - Stopped by Josh Tordjman with a rebound.
10:56 of 1st period - Slapshot by Evgeny Dadonov.
10:56 of 1st period - Stopped by Curtis McElhinney with a rebound.
10:58 of 1st period - Slapshot by Phil Oreskovic.
10:58 of 1st period - Stopped by Curtis McElhinney with a rebound.
11:00 of 1st period - Wrist shot by Brian Strait.
11:00 of 1st period - Deflect By Ryan White.
11:00 of 1st period - Stopped by Curtis McElhinney without a rebound.
11:01 of 1st period - Dave Bolland wins face-off versus Manny Malhotra in Punishers zone.
11:28 of 1st period - Bobby Sanguinetti is hit by Adam Pineault.
11:45 of 1st period - Snap shot by David Van Der Gulik.
11:45 of 1st period - Stopped by Curtis McElhinney with a rebound.
12:10 of 1st period - Snap shot by Dave Bolland.
12:10 of 1st period - Shot Misses the Net.
12:22 of 1st period - Snap shot by Cal O'Reilly.
12:22 of 1st period - Stopped by Curtis McElhinney with a rebound.
12:24 of 1st period - Wrist shot by Cal O'Reilly.
12:24 of 1st period - Shot Misses the Net.
12:26 of 1st period - Snap shot by David Van Der Gulik.
12:26 of 1st period - Stopped by Curtis McElhinney without a rebound.
12:27 of 1st period - Ryan White wins face-off versus Mikael Backlund in Punishers zone.
12:40 of 1st period - Wrist shot by Blake Geoffrion.
12:40 of 1st period - Stopped by Curtis McElhinney without a rebound.
12:41 of 1st period - Manny Malhotra wins face-off versus Viktor Stalberg in Punishers zone.
12:44 of 1st period - Snap shot by Andy Miele.
12:44 of 1st period - Stopped by Curtis McElhinney with a rebound.
12:46 of 1st period - Slapshot by Alexei Zhitnik.
12:46 of 1st period - Shot Blocked by Marc-André Bergeron.
12:48 of 1st period - Snap shot by Alexei Zhitnik.
12:48 of 1st period - Stopped by Curtis McElhinney without a rebound.
12:49 of 1st period - Dave Bolland wins face-off versus Andy Miele in Punishers zone.
13:04 of 1st period - Snap shot by Jeff Tambellini.
13:04 of 1st period - Shot Blocked by Marc-André Bergeron.
13:16 of 1st period - Wrist shot by Jimmie Olvestad.
13:16 of 1st period - Shot Misses the Net.
13:18 of 1st period - Slapshot by Mark Fraser.
13:18 of 1st period - Deflect By Alyn McCauley.
13:18 of 1st period - Shot Blocked by Alexei Zhitnik.
13:18 of 1st period - Puck is out of play.
13:19 of 1st period - Jeff Tambellini wins face-off versus Jimmie Olvestad in Carnivores zone.
13:44 of 1st period - Alyn McCauley is hit by Bobby Sanguinetti and loses puck.
13:55 of 1st period - Snap shot by Blake Geoffrion.
13:55 of 1st period - Stopped by Curtis McElhinney without a rebound.
13:56 of 1st period - Manny Malhotra wins face-off versus Mike Grier in Punishers zone.
14:38 of 1st period - Wrist shot by Dave Bolland.
14:38 of 1st period - Shot Misses the Net.
14:40 of 1st period - Snap shot by Dave Bolland.
14:40 of 1st period - Stopped by Josh Tordjman without a rebound.
14:41 of 1st period - Kirk Maltby wins face-off versus Jeremy Welsh in Carnivores zone.
14:48 of 1st period - Wrist shot by Adam Pineault.
14:48 of 1st period - Stopped by Josh Tordjman with a rebound.
14:50 of 1st period - Wrist shot by Kirk Maltby.
14:50 of 1st period - Shot Misses the Net.
14:54 of 1st period - Wrist shot by Petteri Nokelainen.
14:54 of 1st period - Stopped by Josh Tordjman with a rebound.
14:56 of 1st period - Snap shot by Pavel Valentenko.
14:56 of 1st period - Shot Misses the Net.
15:06 of 1st period - Andrew Ference is hit by Chris Conner and loses puck.
16:05 of 1st period - Snap shot by Viktor Stalberg.
16:05 of 1st period - Stopped by Josh Tordjman without a rebound.
16:06 of 1st period - Dave Bolland wins face-off versus Cal O'Reilly in Carnivores zone.
16:11 of 1st period - Snap shot by Viktor Stalberg.
16:11 of 1st period - Shot Blocked by Phil Oreskovic.
16:17 of 1st period - Snap shot by Viktor Stalberg.
16:17 of 1st period - Shot Misses the Net.
16:31 of 1st period - Mark Fraser is hit by Manny Malhotra and loses puck.
16:40 of 1st period - Slapshot by Manny Malhotra.
16:40 of 1st period - Stopped by Curtis McElhinney with a rebound.
17:41 of 1st period - Icing by Andrew Bodnarchuk.
17:42 of 1st period - Manny Malhotra wins face-off versus Dave Bolland in Punishers zone.
18:03 of 1st period - Wrist shot by Dave Bolland.
18:03 of 1st period - Stopped by Josh Tordjman with a rebound.
18:11 of 1st period - Snap shot by Mike Grier.
18:11 of 1st period - Shot Blocked by Jeff Tambellini.
18:11 of 1st period - Jeff Tambellini from Carnivores is injured at 18:11 of 1st period (Groin).
18:12 of 1st period - Manny Malhotra wins face-off versus Dave Bolland in Carnivores zone.
18:48 of 1st period - Slapshot by Alexei Zhitnik.
18:48 of 1st period - Shot Blocked by Alyn McCauley.
19:11 of 1st period - Icing by Kirk Maltby.
19:12 of 1st period - Petteri Nokelainen wins face-off versus Manny Malhotra in Punishers zone.
19:19 of 1st period - Andy Miele is hit by Stu Bickel and loses puck.
19:35 of 1st period - Wrist shot by Adam Pineault.
19:35 of 1st period - Stopped by Josh Tordjman with a rebound.
19:37 of 1st period - Wrist shot by Kirk Maltby.
19:37 of 1st period - Stopped by Josh Tordjman with a rebound.
19:39 of 1st period - Wrist shot by Petteri Nokelainen.
19:39 of 1st period - Shot Blocked by Andy Miele.
19:41 of 1st period - Slapshot by Petteri Nokelainen.
19:41 of 1st period - Goal by Petteri Nokelainen - Punishers : 1 - Carnivores : 0.
19:42 of 1st period - Manny Malhotra wins face-off versus Dave Bolland in neutral zone.
2nd period
0:01 of 2nd period - Manny Malhotra wins face-off versus Dave Bolland in neutral zone.
0:25 of 2nd period - Keith Aulie is hit by Adam Pineault and loses puck.
0:58 of 2nd period - Snap shot by Jimmie Olvestad.
0:58 of 2nd period - Shot Blocked by Keith Aulie.
1:09 of 2nd period - Minor Penalty to Mike Blunden for Holding.
1:10 of 2nd period - Kirk Maltby wins face-off versus David Van Der Gulik in Punishers zone.
1:10 of 2nd period - Kirk Maltby is hit by Andy Miele.
3:09 of 2nd period - Penalty to Mike Blunden is over, Mike Blunden is back on ice.
3:50 of 2nd period - Snap shot by Kris Chucko.
3:50 of 2nd period - Shot Misses the Net.
3:52 of 2nd period - Snap shot by Kris Chucko.
3:52 of 2nd period - Stopped by Josh Tordjman with a rebound.
4:04 of 2nd period - Wrist shot by Jeff Friesen.
4:04 of 2nd period - Shot Misses the Net.
4:16 of 2nd period - Cal O'Reilly is hit by Petteri Nokelainen.
4:42 of 2nd period - Wrist shot by Viktor Stalberg.
4:42 of 2nd period - Deflect By Mike Grier.
4:42 of 2nd period - Stopped by Josh Tordjman with a rebound.
5:27 of 2nd period - Snap shot by Alyn McCauley.
5:27 of 2nd period - Shot Blocked by Jeff Friesen.
5:29 of 2nd period - Snap shot by Chris Conner.
5:29 of 2nd period - Stopped by Josh Tordjman with a rebound.
5:31 of 2nd period - Snap shot by Chris Conner.
5:31 of 2nd period - Shot Misses the Net.
5:33 of 2nd period - Snap shot by Alyn McCauley.
5:33 of 2nd period - Shot Blocked by Alexei Zhitnik.
5:35 of 2nd period - Wrist shot by Jimmie Olvestad.
5:35 of 2nd period - Shot Misses the Net.
6:07 of 2nd period - Slapshot by Alexei Zhitnik.
6:07 of 2nd period - Shot Blocked by Petteri Nokelainen.
7:33 of 2nd period - Jordie Benn is hit by Mike Grier and loses puck.
7:51 of 2nd period - David Van Der Gulik is hit by Adam Pineault and loses puck.
8:02 of 2nd period - Petteri Nokelainen is hit by Jeremy Welsh and loses puck.
8:20 of 2nd period - Petteri Nokelainen is hit by Jeremy Welsh and loses puck.
8:37 of 2nd period - Slapshot by Alexei Zhitnik.
8:37 of 2nd period - Shot Misses the Net.
8:39 of 2nd period - Snap shot by Cal O'Reilly.
8:39 of 2nd period - Stopped by Curtis McElhinney with a rebound.
8:41 of 2nd period - Slapshot by David Van Der Gulik.
8:41 of 2nd period - Stopped by Curtis McElhinney with a rebound.
9:25 of 2nd period - Wrist shot by Kirk Maltby.
9:25 of 2nd period - Stopped by Josh Tordjman with a rebound.
9:27 of 2nd period - Backhand shot by Marc-André Bergeron.
9:27 of 2nd period - Shot Misses the Net.
9:29 of 2nd period - Slapshot by Petteri Nokelainen.
9:29 of 2nd period - Shot Misses the Net.
9:31 of 2nd period - Wrist shot by Petteri Nokelainen.
9:31 of 2nd period - Stopped by Josh Tordjman without a rebound.
9:32 of 2nd period - Dave Bolland wins face-off versus Manny Malhotra in Carnivores zone.
9:47 of 2nd period - Slapshot by Alexei Zhitnik.
9:47 of 2nd period - Shot Misses the Net.
10:14 of 2nd period - Phil Oreskovic is hit by Jimmie Olvestad.
10:18 of 2nd period - Wrist shot by Chris Lawrence.
10:18 of 2nd period - Shot Blocked by Adam McQuaid.
10:20 of 2nd period - Snap shot by Chris Lawrence.
10:20 of 2nd period - Stopped by Curtis McElhinney without a rebound.
10:21 of 2nd period - Manny Malhotra wins face-off versus Ryan White in Punishers zone.
13:40 of 2nd period - Snap shot by Kirk Maltby.
13:40 of 2nd period - Deflect By Alexei Zhitnik.
13:40 of 2nd period - Stopped by Josh Tordjman with a rebound.
14:17 of 2nd period - Cal O'Reilly is hit by Pavel Valentenko and loses puck.
14:34 of 2nd period - Icing by Manny Malhotra.
14:35 of 2nd period - Andy Miele wins face-off versus Dave Bolland in Carnivores zone.
14:57 of 2nd period - Alyn McCauley is hit by Bobby Sanguinetti and loses puck.
15:24 of 2nd period - Slapshot by Mike Grier.
15:24 of 2nd period - Stopped by Josh Tordjman with a rebound.
15:56 of 2nd period - Alexei Zhitnik is hit by Kris Chucko and loses puck.
16:42 of 2nd period - Snap shot by Kris Chucko.
16:42 of 2nd period - Goal by Kris Chucko - Punishers : 2 - Carnivores : 0.
16:43 of 2nd period - Dave Bolland wins face-off versus Evgeny Dadonov in neutral zone.
17:37 of 2nd period - Snap shot by Cal O'Reilly.
17:37 of 2nd period - Deflect By Jeremy Welsh.
17:37 of 2nd period - Shot Blocked by Pavel Valentenko.
17:37 of 2nd period - Puck is out of play.
17:38 of 2nd period - Dave Bolland wins face-off versus Mikael Backlund in Punishers zone.
18:04 of 2nd period - Jimmie Olvestad is hit by Manny Malhotra and loses puck.
18:11 of 2nd period - Jeff Friesen is hit by Stu Bickel and loses puck.
18:34 of 2nd period - Wrist shot by Kirk Maltby.
18:34 of 2nd period - Shot Blocked by Jeremy Welsh.
19:21 of 2nd period - Minor Penalty to Pavel Valentenko for Hooking.
19:22 of 2nd period - Mike Grier wins face-off versus Mikael Backlund in Punishers zone.
19:22 of 2nd period - Mike Grier is hit by Mikael Backlund.
3rd period
0:01 of 3rd period - Mike Grier wins face-off versus Mikael Backlund in neutral zone.
0:10 of 3rd period - Wrist shot by Kirk Maltby.
0:10 of 3rd period - Stopped by Josh Tordjman with a rebound.
0:12 of 3rd period - Slapshot by Adam McQuaid.
0:12 of 3rd period - Stopped by Josh Tordjman without a rebound.
0:13 of 3rd period - Mike Grier wins face-off versus Mikael Backlund in Carnivores zone.
0:20 of 3rd period - Slapshot by Alexei Zhitnik.
0:20 of 3rd period - Shot Blocked by Kirk Maltby.
0:22 of 3rd period - Snap shot by Keith Aulie.
0:22 of 3rd period - Stopped by Curtis McElhinney with a rebound.
0:24 of 3rd period - Wrist shot by Andy Miele.
0:24 of 3rd period - Shot Hit the Post.
0:26 of 3rd period - Slapshot by Alexei Zhitnik.
0:26 of 3rd period - Stopped by Curtis McElhinney with a rebound.
0:28 of 3rd period - Snap shot by David Van Der Gulik.
0:28 of 3rd period - Shot Misses the Net.
0:46 of 3rd period - Wrist shot by Evgeny Dadonov.
0:46 of 3rd period - Shot Blocked by Mark Fraser.
0:48 of 3rd period - Backhand shot by Manny Malhotra.
0:48 of 3rd period - Shot Blocked by Adam McQuaid.
1:21 of 3rd period - Penalty to Pavel Valentenko is over, Pavel Valentenko is back on ice.
1:31 of 3rd period - Icing by Pavel Valentenko.
1:32 of 3rd period - Dave Bolland wins face-off versus Christopher DiDomenico in Punishers zone.
1:32 of 3rd period - Dave Bolland is hit by Jeff Friesen.
1:35 of 3rd period - Petteri Nokelainen is hit by Alexei Zhitnik and loses puck.
2:00 of 3rd period - David Van Der Gulik is hit by Alyn McCauley and loses puck.
2:15 of 3rd period - Jeremy Welsh is hit by Stu Bickel.
2:25 of 3rd period - Kris Chucko is hit by Jeff Friesen and loses puck.
2:49 of 3rd period - Off-side.
2:50 of 3rd period - Alyn McCauley wins face-off versus Manny Malhotra in neutral zone.
2:55 of 3rd period - Chris Butler is hit by Alyn McCauley and loses puck.
3:16 of 3rd period - Kirk Maltby is hit by Evgeny Dadonov and loses puck.
3:44 of 3rd period - Icing by David Van Der Gulik.
3:45 of 3rd period - Cal O'Reilly wins face-off versus Alyn McCauley in Carnivores zone.
3:58 of 3rd period - Alyn McCauley is hit by David Van Der Gulik.
4:37 of 3rd period - Wrist shot by Viktor Stalberg.
4:37 of 3rd period - Stopped by Josh Tordjman with a rebound.
4:39 of 3rd period - Snap shot by Mike Grier.
4:39 of 3rd period - Stopped by Josh Tordjman without a rebound.
4:40 of 3rd period - Mike Grier wins face-off versus Manny Malhotra in Carnivores zone.
4:45 of 3rd period - Wrist shot by Viktor Stalberg.
4:45 of 3rd period - Stopped by Josh Tordjman without a rebound.
4:46 of 3rd period - Manny Malhotra wins face-off versus Dave Bolland in Carnivores zone.
5:17 of 3rd period - Wrist shot by Chris Conner.
5:17 of 3rd period - Stopped by Josh Tordjman with a rebound.
5:19 of 3rd period - Slapshot by Marc-André Bergeron.
5:19 of 3rd period - Stopped by Josh Tordjman with a rebound.
5:21 of 3rd period - Wrist shot by Jimmie Olvestad.
5:21 of 3rd period - Shot Misses the Net.
5:23 of 3rd period - Snap shot by Jimmie Olvestad.
5:23 of 3rd period - Stopped by Josh Tordjman with a rebound.
5:37 of 3rd period - Snap shot by Kris Chucko.
5:37 of 3rd period - Stopped by Josh Tordjman without a rebound.
5:38 of 3rd period - Ryan White wins face-off versus Manny Malhotra in Carnivores zone.
5:47 of 3rd period - Wrist shot by Ryan White.
5:47 of 3rd period - Stopped by Josh Tordjman with a rebound.
6:12 of 3rd period - Brian Strait is hit by Stu Bickel and loses puck.
6:54 of 3rd period - Andy Miele is hit by Mark Fraser and loses puck.
7:47 of 3rd period - Mikael Backlund is hit by Alyn McCauley and loses puck.
8:02 of 3rd period - Slapshot by Andrew Ference.
8:02 of 3rd period - Stopped by Curtis McElhinney without a rebound.
8:03 of 3rd period - Petteri Nokelainen wins face-off versus Christopher DiDomenico in Punishers zone.
8:28 of 3rd period - Viktor Stalberg is hit by Manny Malhotra and loses puck.
8:39 of 3rd period - Snap shot by Manny Malhotra.
8:39 of 3rd period - Shot Misses the Net.
8:49 of 3rd period - Snap shot by Mikael Backlund.
8:49 of 3rd period - Shot Misses the Net.
9:40 of 3rd period - Mike Grier is hit by David Van Der Gulik and loses puck.
10:03 of 3rd period - Snap shot by Chris Conner.
10:03 of 3rd period - Stopped by Josh Tordjman without a rebound.
10:04 of 3rd period - Manny Malhotra wins face-off versus Petteri Nokelainen in Carnivores zone.
10:04 of 3rd period - Manny Malhotra is hit by Kirk Maltby.
10:16 of 3rd period - Snap shot by Kirk Maltby.
10:16 of 3rd period - Shot Misses the Net.
10:20 of 3rd period - Slapshot by Kirk Maltby.
10:20 of 3rd period - Deflect By Adam Pineault.
10:20 of 3rd period - Stopped by Josh Tordjman with a rebound.
10:30 of 3rd period - Andy Miele is hit by Alyn McCauley and loses puck.
10:41 of 3rd period - Snap shot by Chris Conner.
10:41 of 3rd period - Shot Misses the Net.
11:13 of 3rd period - Wrist shot by Kris Chucko.
11:13 of 3rd period - Stopped by Josh Tordjman with a rebound.
11:19 of 3rd period - Slapshot by Cal O'Reilly.
11:19 of 3rd period - Deflect By Kris Chucko.
11:19 of 3rd period - Shot Misses the Net.
11:19 of 3rd period - Puck is out of play.
11:20 of 3rd period - Alyn McCauley wins face-off versus Mikael Backlund in Punishers zone.
11:20 of 3rd period - Alyn McCauley is hit by Mikael Backlund.
11:26 of 3rd period - Andrew Ference is hit by Chris Conner.
11:48 of 3rd period - David Van Der Gulik is hit by Dave Bolland and loses puck.
12:09 of 3rd period - Slapshot by Bobby Sanguinetti.
12:09 of 3rd period - Stopped by Curtis McElhinney without a rebound.
12:10 of 3rd period - Petteri Nokelainen wins face-off versus Manny Malhotra in Punishers zone.
12:10 of 3rd period - Minor Penalty to Jeff Friesen for Interference.
12:11 of 3rd period - Dave Bolland wins face-off versus Blake Geoffrion in Carnivores zone.
12:22 of 3rd period - Slapshot by Dave Bolland.
12:22 of 3rd period - Stopped by Josh Tordjman without a rebound.
12:23 of 3rd period - Dave Bolland wins face-off versus Manny Malhotra in Carnivores zone.
12:56 of 3rd period - Snap shot by Viktor Stalberg.
12:56 of 3rd period - Shot Misses the Net.
12:58 of 3rd period - Slapshot by Viktor Stalberg.
12:58 of 3rd period - Shot Blocked by Keith Aulie.
14:10 of 3rd period - Penalty to Jeff Friesen is over, Jeff Friesen is back on ice.
14:14 of 3rd period - Off-side.
14:15 of 3rd period - Cal O'Reilly wins face-off versus Ryan White in neutral zone.
14:24 of 3rd period - Slapshot by David Van Der Gulik.
14:24 of 3rd period - Stopped by Curtis McElhinney with a rebound.
14:26 of 3rd period - Snap shot by Cal O'Reilly.
14:26 of 3rd period - Goal by Cal O'Reilly - Punishers : 2 - Carnivores : 1.
14:27 of 3rd period - Andy Miele wins face-off versus Dave Bolland in neutral zone.
14:32 of 3rd period - Backhand shot by Jeff Friesen.
14:32 of 3rd period - Shot Misses the Net.
15:20 of 3rd period - Cal O'Reilly is hit by Kirk Maltby and loses puck.
15:53 of 3rd period - Evgeny Dadonov is hit by Andrew Bodnarchuk.
15:57 of 3rd period - Snap shot by Blake Geoffrion.
15:57 of 3rd period - Shot Blocked by Andrew Bodnarchuk.
16:51 of 3rd period - Cal O'Reilly is hit by Mark Fraser and loses puck.
17:37 of 3rd period - Icing by Adam Pineault.
17:38 of 3rd period - Manny Malhotra wins face-off versus Dave Bolland in Punishers zone.
17:53 of 3rd period - Slapshot by Mike Grier.
17:53 of 3rd period - Stopped by Josh Tordjman without a rebound.
17:54 of 3rd period - Cal O'Reilly wins face-off versus Alyn McCauley in Carnivores zone.
18:05 of 3rd period - Minor Penalty to Keith Aulie for Goalie Interference.
18:05 of 3rd period - Minor Penalty to Alyn McCauley for Boarding.
18:06 of 3rd period - Dave Bolland wins face-off versus Manny Malhotra in Carnivores zone.
18:15 of 3rd period - Viktor Stalberg is hit by Alexei Zhitnik and loses puck.
18:22 of 3rd period - Slapshot by Marc-André Bergeron.
18:22 of 3rd period - Goal by Marc-André Bergeron - Punishers : 3 - Carnivores : 1.
18:23 of 3rd period - Dave Bolland wins face-off versus Mikael Backlund in neutral zone.
18:36 of 3rd period - Wrist shot by Dave Bolland.
18:36 of 3rd period - Shot Misses the Net.
Output by the SimonT Hockey Simulator (STHS) for François Prévost -- Original Page W3C XHTML 1.0 Valid